 Dungeon Sprint DCSS version 0.29-a0-72-g1732ff48e7 (webtiles) character file.

Game seed: 6386330622701269668

177463688 SmokeWeed the Minotaur Barricade (level 21, 224/224 HPs)
             Began as a Minotaur Fighter on Feb 4, 2022.
             Was the Champion of Okawaru.
             Escaped with the Orb
             ... and 17 runes!
             The game lasted 01:21:09 (10241 turns).

SmokeWeed the Minotaur Barricade (MiFi)            Turns: 10241, Time: 01:21:10

Health: 224/224    AC: 38    Str: 41    XL:     21   Next: 33%
Magic:  34/34      EV: 23    Int:  7    God:    Okawaru [******]
Gold:   923        SH: 30    Dex: 15    Spells: 49/49 levels left

rFire   + . .      SeeInvis .   s - +5 double sword "Amilisha" {freeze, +Blink Stlth+}
rCold   + + .      Faith    .   S - +5 tower shield "Zaqenoj" {+Inv Int+2}
rNeg    + + .      Spirit   .   O - +8 plate armour {rC+}
rPois   +          Reflect  .   P - +0 hat of Ladewaz {rN+ Str+3}
rElec   .          Harm     +   v - +2 cloak {rPois}
rCorr   .          Rampage  +   C - +0 pair of gloves of Ghostly the Good {rF+ rC+ rN+ Will+}
Will    ++...      NoTele   +   o - +0 pair of boots
Stlth   ++........              r - amulet "Deshoxoe" {Harm Rampage +Blink Regen+}
HPRegen 1.27/turn               U - ring of Vain {Str+2 Dex+3}
MPRegen 0.24/turn               d - +6 ring of strength

@: studying Long Blades
A: horns 2, retaliatory headbutt, low MP 1, screaming 1
0: Orb of Zot
}: 17/17 runes: decaying, serpentine, barnacled, slimy, elven, silver, golden,
iron, obsidian, icy, bone, abyssal, glowing, magical, fiery, dark, gossamer
a: Renounce Religion, Evoke Blink, Evoke Invisibility, Heroism, Finesse


You escaped.
You worshipped Okawaru.
Okawaru was exalted by your worship.
You visited 1 branch You collected 1973 gold pieces.
You spent 1050 gold pieces at shops.

Inventory:

Hand Weapons
 a - the +9 demon blade of Disembowelment {drain, rCorr}
   (Okawaru gifted it to you in the Dungeon)

   A truly terrible weapon, it drains the life of any living foe it strikes.
   rCorr:     It protects you from acid and corrosion.
 k - a +12 club of venom
 m - the +8 Vampire's Tooth {vamp}
   (You found it in the Dungeon)

   It occasionally heals its wielder for the full amount of damage dealt when it
   wounds a living foe.
 n - a +7 scimitar of flaming
 s - the +5 double sword "Amilisha" (weapon) {freeze, +Blink Stlth+}
   (You found it in the Dungeon)

   It freezes those it strikes, dealing additional cold damage.
   It can also slow down cold-blooded creatures.
   +Blink:    It lets you blink.
   Stlth:     It makes you more stealthy.
 u - the +5 demon whip of Rerisch {drain, rC+ Will++ Str+4 Int-5}
   (You found it in the Dungeon)

   A truly terrible weapon, it drains the life of any living foe it strikes.
   Str:       It affects your strength (+4).
   Int:       It affects your intelligence (-5).
   rC:        It protects you from cold.
   Will:      It greatly increases your willpower.
 A - the +7 sceptre of Asmodeus
   (You took it off Asmodeus in the Dungeon)

   It can be evoked to summon fiery demons, with success rate depending on
   Evocations skill.
   Those summoned this way will remain friendly only for a limited time.
 D - the +5 glaive of Xaelit {spect, +Blink rPois rCorr Str+7}
   (You found it in the Dungeon)

   When its wielder attacks, the weapon's spirit leaps out and strikes again.
   The spirit shares a part of any damage it takes with its wielder.
   Str:       It affects your strength (+7).
   rPois:     It protects you from poison.
   +Blink:    It lets you blink.
   rCorr:     It protects you from acid and corrosion.
 F - the +9 sword of Zonguldrok {reap}
   (You bought it in a shop in the Dungeon)

   Any living foe damaged by it may be reanimated upon death as a zombie
   friendly to the wielder, with an increasing chance as more damage is dealt.
 H - the +7 demon blade of Ceshetec {elec, rPois rC+ rN+++ Dex-2}
   (Okawaru gifted it to you in the Dungeon)

   It occasionally discharges a powerful burst of electricity upon striking a
   foe.
   Dex:       It affects your dexterity (-2).
   rC:        It protects you from cold.
   rPois:     It protects you from poison.
   rN:        It renders you almost immune to negative energy.
 I - the +6 sword of Cerebov {flame}
   (You took it off Cerebov in the Dungeon)

   It burns those it strikes, dealing additional fire damage.
   Big, fiery blades are also staple armaments of hydra-hunters.
   It temporarily reduces the fire resistance of those it strikes.
 W - the +8 long sword "Huss" {chaos, *Slow +Blink MP+9 Dex+2}
   (Okawaru gifted it to you in the Dungeon)

   Each time it hits an enemy it has a different, random effect.
   Dex:       It affects your dexterity (+2).
   MP:        It affects your magic capacity (+9).
   +Blink:    It lets you blink.
   *Slow:     It may slow you when you take damage.
 Y - the +4 staff of Dispater
   (You took it off Dispater in the Dungeon)

   It can be evoked to hurl damnation at the cost of health and magic, with
   strength depending on Evocations skill.
Missiles
 b - 3 boomerangs
 c - 6 javelins
 B - 5 atropa-tipped darts
 K - a throwing net
 L - 9 boomerangs of dispersal
 M - 14 curare-tipped darts
 X - 7 silver javelins
Armour
 o - a +0 pair of boots (worn)
 q - a +7 chain mail
 v - a +2 cloak of poison resistance (worn)
 y - a +0 pair of gloves of dexterity
 C - the +0 pair of gloves of Ghostly the Good (worn) {rF+ rC+ rN+ Will+}
   (You found it in the Dungeon)

   rF:        It protects you from fire.
   rC:        It protects you from cold.
   rN:        It protects you from negative energy.
   Will:      It increases your willpower.
 G - an orb of mayhem
 N - the +2 ring mail of Asceticism {Contam rF+ Will++ rCorr}
   (Okawaru gifted it to you in the Dungeon)

   rF:        It protects you from fire.
   Contam:    It causes magical contamination when unequipped.
   rCorr:     It protects you from acid and corrosion.
   Will:      It greatly increases your willpower.
 O - a +8 plate armour of cold resistance (worn)
 P - the +0 hat of Ladewaz (worn) {rN+ Str+3}
   (Okawaru gifted it to you in the Dungeon)

   Str:       It affects your strength (+3).
   rN:        It protects you from negative energy.
 S - the +5 tower shield "Zaqenoj" (worn) {+Inv Int+2}
   (Okawaru gifted it to you in the Dungeon)

   Int:       It affects your intelligence (+2).
   +Inv:      It lets you turn invisible.
 Z - the +0 scale mail "Exza" {rElec}
   (Okawaru gifted it to you in the Dungeon)

   rElec:     It insulates you from electricity.
Jewellery
 d - a +6 ring of strength (right hand)
 r - the amulet "Deshoxoe" (around neck) {Harm Rampage +Blink Regen+}
   (You found it in the Dungeon)

   [amulet of regeneration]

   +Blink:    It lets you blink.
   Regen:     It increases your rate of health regeneration.
   Harm:      It increases damage dealt and taken.
   Rampage:   It bestows one free step when moving towards enemies.
 w - the ring of Heedgh {rN+ Dex+3 Stlth+}
   (You found it in the Dungeon)

   [ring of dexterity]

   Dex:       It affects your dexterity (+3).
   rN:        It protects you from negative energy.
   Stlth:     It makes you more stealthy.
 x - the ring "Reotzo" {rC+ EV+3 SInv}
   (You found it in the Dungeon)

   [ring of evasion]

   EV:        It affects your evasion (+3).
   rC:        It protects you from cold.
   SInv:      It lets you see invisible.
 U - the ring of Vain (left hand) {Str+2 Dex+3}
   (You found it in the Dungeon)

   [ring of dexterity]

   Str:       It affects your strength (+2).
   Dex:       It affects your dexterity (+3).
Wands
 l - a wand of iceblast (8)
Scrolls
 j - 3 scrolls of blinking
 J - 5 scrolls of identify
Potions
 e - 11 potions of curing
 f - 15 potions of heal wounds
 g - 4 potions of brilliance
 h - 10 potions of magic
 i - 4 potions of berserk rage
 t - 4 potions of haste
 z - a potion of ambrosia
 Q - a potion of might
Miscellaneous
 p - the horn of Geryon (quivered)
 R - a phial of floods
 T - a box of beasts


   Skills:
 O Level 27 Fighting
 + Level 21.5(26.1) Short Blades
 O Level 27 Long Blades
 + Level 21.5(27) Slings
 O Level 27 Throwing
 O Level 27 Armour
 O Level 27 Dodging
 O Level 27 Stealth
 O Level 27 Shields
 + Level 21.5 Unarmed Combat
 + Level 14.5 Spellcasting
 O Level 27 Invocations
 O Level 27 Evocations


You had 49 spell levels left.
You didn't know any spells.
Your spell library was empty.

Dungeon Overview and Level Annotations

Branches:
Dungeon (1/1)

Altars:
Cheibriados
Dithmenos
Elyvilon
Fedhas
Gozag
Hepliaklqana
Kikubaaqudgha
Makhleb
Nemelex Xobeh
Okawaru
Qazlal
Ru
Sif Muna
Trog
Uskayaw
Vehumet
Wu Jian
Xom
Yredelemnul
Zin
The Shining One
Beogh
Jiyva
Lugonu

Shops:
D (??(


Innate Abilities, Weirdness & Mutations

You have a pair of horns on your head.
You reflexively headbutt those who attack you in melee.
Your magical capacity is low. (-10% MP)
You occasionally shout uncontrollably at your foes.


Message History

You see here a +0 short sword.
A neqoxec comes into view.
You rampage towards the neqoxec!
You miss the neqoxec. You slash the neqoxec! You freeze the neqoxec.
Your headbutt misses the neqoxec.
The neqoxec is heavily wounded.
The neqoxec barely misses you. You furiously retaliate!
You headbutt the neqoxec!
You kill the neqoxec!
Okawaru accepts your kill.
There is an open door to the Dungeon here.
The +5 double sword "Amilisha" {freeze, +Blink Stlth+} stops glowing.
A - the +7 sceptre of Asmodeus (weapon)
Hit: A) +7 sceptre of Asmodeus
Press: ? - help, Dir - move target, f - you
Okay, then.
You don't know any spells.
Nothing will answer your call!
Okay, then.
Okay, then.
Okay, then.
Okay, then.
The +5 double sword "Amilisha" {freeze, +Blink Stlth+} glows with a cold blue light!
s - the +5 double sword "Amilisha" (weapon)
{freeze, +Blink Stlth+}
Okay, then.
Non-targeted evoke: horn of Geryon
Press: ? - help, Q - select action, (/) - cycle Dir - look around, f - activate That item cannot be used by those who cannot gain allies!
There is an open door to the Dungeon here.
As you read the scroll of enchant weapon, it crumbles to dust.
Your +4 scimitar of flaming glows red for a moment.
As you read the scroll of enchant weapon, it crumbles to dust.
Your +5 scimitar of flaming glows red for a moment.
As you read the scroll of enchant weapon, it crumbles to dust.
Your +6 scimitar of flaming glows red for a moment.
Okay, then.
There is a staircase leading out of the dungeon here.
You can't go down here!
You have escaped!

)))).............▓
▓▓▓▓▓▓▓▓▓▓▓▓▓▓▓▓.▓
.................▓
▓▓▓▓▓▓▓▓▓▓▓▓▓▓▓▓▓▓
.........'.......▓
▓▓▓▓▓▓▓▓▓▓▓▓▓▓▓▓.▓
.................▓
▓▓▓▓▓▓▓▓▓▓▓▓▓▓▓▓▓▓
'.....).....'...@▓
▓▓▓▓▓▓▓▓▓▓▓▓▓▓▓▓▓▓


There were no monsters in sight!

Vanquished Creatures
  Cerebov (D)
  Asmodeus (D)
  the Royal Jelly (D)
  Antaeus (D)
  Ereshkigal (D)
  Gloorx Vloq (D)
  Lom Lobon (D)
  Mnoleg (D)
  Dispater (D)
  5 ancient liches (D)
  Mara (D)
  5 pandemonium lords (D)
  3 orbs of fire (D)
  9 royal mummies (D)
  Margery (D)
  Saint Roka (D)
  A Killer Klown (D)
  Geryon (D)
  4 golden dragons (D)
  A curse toe (D)
  A bone dragon (D)
  A Tzitzimitl (D)
  2 electric golems (D)
  3 tentacled monstrosities (D)
  An Ice Fiend (D)
  A Hell Sentinel (D)
  33 Orb Guardians (D)
  A lich (D)
  5 deep elf blademasters (D)
  A deep elf master archer (D)
  Frances (D)
  Gastronok (D)
  7 acid blobs (D)
  18 sphinxes (D)
  6 death cobs (D)
  Ilsuiw (D)
  3 draconian monks (D)
  5 storm dragons (D)
  2 tengu reavers (D)
  7 shadow dragons (D)
  11 rockslimes (D)
  2 daevas (D)
  9 nagarajas (D)
  4 draconian knights (D)
  3 deep elf sorcerers (D)
  6 frost giants (D)
  4 azure jellies (D)
  Louise (D)
  4 emperor scorpions (D)
  A vault warden (D)
  A balrug (D)
  Aizul (D)
  2 draconian shifters (D)
  5 ghost moths (D)
  A war gargoyle (D)
  2 quicksilver oozes (D)
  2 draconian annihilators (D)
  A reaper (D)
  3 ironbound preservers (D)
  A broodmother (D)
  An ironbound thunderhulk (D)
  5 stone giants (D)
  A draconian stormcaller (D)
  11 vampire knights (D)
  A demonspawn black sun (D)
  2 very ugly things (D)
  2 deep elf demonologists (D)
  A deep elf annihilator (D)
  2 yellow draconians (D)
  6 purple draconians (D)
  3 green draconians (D)
  An entropy weaver (D)
  3 red draconians (D)
  A dire elephant (D)
  A blizzard demon (D)
  3 merfolk javelineers (D)
  3 ettins (D)
  A deep elf death mage (D)
  2 green deaths (D)
  4 mummy priests (D)
  2 fire dragons (D)
  3 merfolk impalers (D)
  4 yaktaur captains (D)
  4 deep elf high priests (D)
  8 hydras (D)
  2 hell beasts (D)
  2 ogre magi (D)
  A great orb of eyes (D)
  A boulder beetle (D)
  25 vault guards (D)
  2 merfolk avatars (D)
  5 ice dragons (D)
  5 merfolk aquamancers (D)
  An ironbound frostheart (D)
  2 centaur warriors (D)
  A two-headed ogre (D)
  2 spriggan air magi (D)
  A dancing weapon (D)
  4 tengu warriors (D)
  2 deep troll shamans (D)
  A deep troll earth mage (D)
  A hell hog (D)
  A spriggan berserker (D)
  3 soul eaters (D)
  4 hell knights (D)
  Urug (D)
  3 sun demons (D)
  A sixfirhy (D)
  2 wretched stars (D)
  A salamander mystic (D)
  A pharaoh ant (D)
  A glowing orange brain (D)
  9 deep trolls (D)
  A spriggan druid (D)
  3 ironbound convokers (D)
  2 shadow demons (D)
  7 swamp dragons (D)
  5 lindwurms (D)
  A large abomination (D)
  2 wizards (D)
  A phantasmal warrior (D)
  3 wolf spiders (D)
  2 necromancers (D)
  2 orc knights (D)
  2 cyclopes (D)
  A will-o-the-wisp (D)
  3 manticores (D)
  3 ugly things (D)
  2 orc sorcerers (D)
  2 guardian serpents (D)
  3 rust devils (D)
  2 toenail golems (D)
  6 naga magi (D)
  Joseph (D)
  2 black mambas (D)
  2 merfolk sirens (D)
  8 moths of wrath (D)
  2 vault sentinels (D)
  2 cane toads (D)
  An unseen horror (D)
  4 demonic crawlers (D)
  A hellion (D)
  Psyche (D)
  2 hellwings (D)
  A komodo dragon (D)
  An efreet (D)
  A rime drake (D)
  A yaktaur (D)
  2 ice devils (D)
  15 guardian mummies (D)
  A wandering mushroom (D)
  4 trolls (D)
  A bloated husk (D)
  3 merfolk (D)
  4 slime creatures (D)
  2 polar bears (D)
  A tyrant leech (D)
  A snapping turtle (D)
  A flying skull (D)
  11 spriggans (D)
  A wyvern (D)
  2 wraiths (D)
  A shadow (D)
  3 ynoxinuls (D)
  2 yaks (D)
  2 neqoxecs (D)
  2 golden eyes (D)
  2 basilisks (D)
  A chaos spawn (D)
  2 redbacks (D)
  2 nagas (D)
  A warg (D)
  3 acid dragons (D)
  5 water moccasins (D)
  11 orc warriors (D)
  A small abomination (D)
  3 bullfrogs (D)
  A gnoll sergeant (D)
  A howler monkey (D)
  3 orc priests (D)
  2 iguanas (D)
  4 orc wizards (D)
  3 worms (D)
  A dart slug (D)
  12 orcs (D)
  A giant cockroach (D)
  A hobgoblin (D)
  A ball python skeleton (D)
  A bat (D)
  A frilled lizard (D)
  A giant cockroach zombie (D)
  A quokka zombie (D)
  7 ball lightnings (D)
579 creatures vanquished.

Vanquished Creatures (others)
  An eleionoma (D)
  A bunyip (D)
  A goliath frog (D)
  A swamp dragon (D)
  A ball lightning (D)
5 creatures vanquished.

Grand Total: 584 creatures vanquished

Notes
Turn   | Place    | Note
-------+----------+-------------------------------------------
     0 | D        | SmokeWeed the Minotaur Fighter began the quest for the Orb.
     0 | D        | Reached XP level 1. HP: 19/19 MP: 0/0
     8 | D        | Reached skill level 5 in Fighting
    25 | D        | Noticed an iguana
    25 | D        | Noticed a water moccasin
    25 | D        | Noticed an iguana
    29 | D        | Killed an iguana
    30 | D        | Reached XP level 2. HP: 11/35 MP: 1/1
    30 | D        | Reached XP level 3. HP: 12/40 MP: 2/2
    33 | D        | Killed a water moccasin
    34 | D        | Reached XP level 4. HP: 9/56 MP: 3/3
    35 | D        | HP: 2/56 [iguana (7)]
    39 | D        | Reached XP level 5. HP: 3/63 MP: 4/4
   346 | D        | Found a snail-covered altar of Cheibriados.
   346 | D        | Found a shadowy altar of Dithmenos.
   346 | D        | Found a white marble altar of Elyvilon.
   346 | D        | Found a blossoming altar of Fedhas.
   346 | D        | Found an opulent altar of Gozag.
   347 | D        | Found a hazy altar of Hepliaklqana.
   348 | D        | Found a viscous altar of Jiyva.
   349 | D        | Found an ancient bone altar of Kikubaaqudgha.
   350 | D        | Found a corrupted altar of Lugonu.
   351 | D        | Found a burning altar of Makhleb.
   352 | D        | Found a sparkling altar of Nemelex Xobeh.
   353 | D        | Found an iron altar of Okawaru.
   354 | D        | Found a stormy altar of Qazlal.
   355 | D        | Found a sacrificial altar of Ru.
   356 | D        | Found a shimmering blue altar of Sif Muna.
   357 | D        | Found a bloodstained altar of Trog.
   358 | D        | Found a hide-covered altar of Uskayaw.
   359 | D        | Found a radiant altar of Vehumet.
   360 | D        | Found an ornate altar of the Wu Jian Council.
   361 | D        | Found a shimmering altar of Xom.
   362 | D        | Found a basalt altar of Yredelemnul.
   363 | D        | Found a glowing silver altar of Zin.
   364 | D        | Found a glowing golden altar of the Shining One.
   379 | D        | Became a worshipper of Warmaster Okawaru
   391 | D        | Found the +8 Vampire's Tooth {vamp}
   438 | D        | Noticed a shadow
   438 | D        | Noticed a troll
   438 | D        | Noticed a wraith
   444 | D        | Reached skill level 5 in Long Blades
   446 | D        | Killed a wraith
   446 | D        | Reached * piety under Okawaru
   447 | D        | Reached skill level 10 in Long Blades
   447 | D        | Reached XP level 6. HP: 72/72 MP: 5/5
   448 | D        | Killed a troll
   449 | D        | Reached XP level 7. HP: 79/79 MP: 6/6
   454 | D        | Killed a shadow
   454 | D        | Reached ** piety under Okawaru
   501 | D        | Noticed a cyclops
   501 | D        | Noticed a manticore
   501 | D        | Noticed a two-headed ogre
   521 | D        | Killed an unseen horror
   522 | D        | Reached skill level 10 in Armour
   522 | D        | Reached XP level 8. HP: 72/86 MP: 5/7
   522 | D        | Killed a two-headed ogre
   522 | D        | Reached *** piety under Okawaru
   532 | D        | Killed a manticore
   533 | D        | Reached skill level 1 in Stealth
   540 | D        | Killed a cyclops
   540 | D        | Reached **** piety under Okawaru
   541 | D        | Reached skill level 10 in Shields
   541 | D        | Reached XP level 9. HP: 61/96 MP: 6/8
   808 | D        | Noticed a komodo dragon
   809 | D        | Noticed a cane toad
   813 | D        | Noticed a polar bear
   816 | D        | Reached skill level 5 in Invocations
   820 | D        | Killed a komodo dragon
   821 | D        | Reached skill level 15 in Fighting
   826 | D        | Killed a cane toad
   826 | D        | Received a gift from Okawaru
   828 | D        | Killed a polar bear
   908 | D        | Noticed a cane toad
   908 | D        | Noticed a six-headed hydra
   913 | D        | Killed a two-headed hydra
   913 | D        | Reached ***** piety under Okawaru
   914 | D        | Reached XP level 10. HP: 94/107 MP: 5/13
   919 | D        | Killed a cane toad
   926 | D        | Reached skill level 15 in Long Blades
   937 | D        | Reached skill level 1 in Throwing
   937 | D        | Reached skill level 5 in Stealth
  1046 | D        | Noticed a lindwurm
  1046 | D        | Noticed a lindwurm
  1046 | D        | Noticed a lindwurm
  1051 | D        | Killed a lindwurm
  1059 | D        | Killed a lindwurm
  1063 | D        | Noticed a lindwurm
  1063 | D        | Noticed a lindwurm
  1068 | D        | Killed a lindwurm
  1078 | D        | Killed a lindwurm
  1078 | D        | Received a gift from Okawaru
  1080 | D        | Killed a lindwurm
  1344 | D        | Noticed Urug
  1354 | D        | Killed Urug
  1355 | D        | Reached skill level 5 in Throwing
  1355 | D        | Reached XP level 11. HP: 79/116 MP: 7/15
  1402 | D        | Noticed Gastronok
  1417 | D        | Killed Gastronok
  1569 | D        | Reached skill level 1 in Evocations
  1577 | D        | Noticed an orc sorcerer
  1579 | D        | Received a gift from Okawaru
  1586 | D        | Killed an orc sorcerer
  1737 | D        | Found Joannewe's Weapon Boutique.
  1737 | D        | Noticed a deep troll
  1737 | D        | Noticed a deep troll
  1737 | D        | Noticed an ogre mage
  1737 | D        | Noticed a deep troll
  1737 | D        | Noticed a deep troll
  1739 | D        | Killed a deep troll
  1741 | D        | Killed a deep troll
  1741 | D        | Killed a deep troll
  1747 | D        | Killed an ogre mage
  1748 | D        | Reached skill level 10 in Throwing
  1748 | D        | Noticed a deep troll
  1751 | D        | Killed a deep troll
  1751 | D        | Received a gift from Okawaru
  1752 | D        | Killed a deep troll
  1753 | D        | Found Lydu's Magic Scroll Shop.
  1753 | D        | Noticed a deep troll
  1755 | D        | Found Vifoi's Magic Scroll Boutique.
  1760 | D        | Killed a deep troll
  1761 | D        | Found Useek's Antique Weapon Shop.
  1765 | D        | Noticed a deep troll
  1766 | D        | Noticed a deep troll
  1767 | D        | Noticed a deep troll
  1768 | D        | Killed a deep troll
  1768 | D        | Reached ****** piety under Okawaru
  1768 | D        | Received a gift from Okawaru
  1769 | D        | Killed a deep troll
  1770 | D        | Reached XP level 12. HP: 106/127 MP: 12/17
  1834 | D        | Bought a scroll of enchant weapon for 90 gold pieces
  1844 | D        | Bought the +9 sword of Zonguldrok {reap} for 960 gold
                  | pieces
  1844 | D        | Found the +9 sword of Zonguldrok {reap}
  1880 | D        | Noticed Joseph
  1887 | D        | Killed Joseph
  1920 | D        | Noticed Psyche
  1926 | D        | Killed Psyche
  2177 | D        | Noticed an ogre mage
  2177 | D        | Noticed a centaur warrior
  2177 | D        | Noticed a tengu warrior
  2184 | D        | Killed a centaur warrior
  2188 | D        | Killed a tengu warrior
  2189 | D        | Killed an ogre mage
  2190 | D        | Reached skill level 15 in Throwing
  2205 | D        | Noticed a deep troll shaman
  2206 | D        | Noticed a stone giant
  2206 | D        | Noticed a tengu warrior
  2210 | D        | Noticed a great orb of eyes
  2212 | D        | Killed a deep troll shaman
  2212 | D        | Killed a great orb of eyes
  2213 | D        | Reached skill level 10 in Invocations
  2213 | D        | Killed a tengu warrior
  2213 | D        | Noticed a green very ugly thing
  2215 | D        | Killed a stone giant
  2216 | D        | Reached skill level 5 in Dodging
  2216 | D        | Noticed a stone giant
  2223 | D        | Killed a brown very ugly thing
  2237 | D        | Killed a stone giant
  2448 | D        | Noticed a merfolk aquamancer
  2448 | D        | Noticed a merfolk avatar
  2452 | D        | Killed a merfolk aquamancer
  2452 | D        | Received a gift from Okawaru
  2453 | D        | Reached skill level 15 in Armour
  2458 | D        | Killed a merfolk avatar
  2458 | D        | Received a gift from Okawaru
  2459 | D        | Reached XP level 13. HP: 132/137 MP: 12/20
  2498 | D        | Noticed a bunyip
  2498 | D        | Noticed an eleionoma
  2499 | D        | Killed an eleionoma
  2499 | D        | Killed a bunyip
  2505 | D        | Identified the +2 ring mail of Asceticism {Contam rF+
                  | Will++ rCorr} (Okawaru gifted it to you in the Dungeon)
  2505 | D        | Received a gift from Okawaru
  2543 | D        | Reached skill level 15 in Shields
  2545 | D        | Noticed a nagaraja
  2549 | D        | Killed a nagaraja
  2567 | D        | Noticed a broodmother
  2568 | D        | Noticed an entropy weaver
  2571 | D        | Killed a broodmother
  2572 | D        | Killed an entropy weaver
  2710 | D        | Noticed Saint Roka
  2718 | D        | Killed Saint Roka
  2718 | D        | Identified the +0 hat of Ladewaz {rN+ Str+3} (Okawaru
                  | gifted it to you in the Dungeon)
  2718 | D        | Received a gift from Okawaru
  2820 | D        | Noticed an ettin
  2820 | D        | Noticed a frost giant
  2820 | D        | Noticed a vampire knight
  2821 | D        | Noticed a frost giant
  2823 | D        | Killed a frost giant
  2824 | D        | Killed a vampire knight
  2824 | D        | Killed a frost giant
  2825 | D        | Reached XP level 14. HP: 149/149 MP: 14/22
  2827 | D        | Noticed a frost giant
  2829 | D        | Noticed a frost giant
  2833 | D        | Noticed a shadow dragon
  2835 | D        | Killed a frost giant
  2841 | D        | Killed a frost giant
  2845 | D        | Killed a shadow dragon
  2856 | D        | Noticed a tengu reaver
  2862 | D        | Killed a tengu reaver
  2882 | D        | Identified the +9 demon blade of Disembowelment {drain,
                  | rCorr} (Okawaru gifted it to you in the Dungeon)
  2882 | D        | Received a gift from Okawaru
  3223 | D        | Noticed an ironbound thunderhulk
  3238 | D        | Noticed a sphinx
  3240 | D        | Noticed a sphinx
  3245 | D        | Killed an ironbound thunderhulk
  3245 | D        | Received a gift from Okawaru
  3249 | D        | Killed a sphinx
  3252 | D        | Received a gift from Okawaru
  3253 | D        | Killed a sphinx
  3266 | D        | Noticed a vault warden
  3289 | D        | Killed a vault warden
  3289 | D        | Received a gift from Okawaru
  3699 | D        | Got the +0 pair of gloves of Ghostly the Good {rF+ rC+ rN+
                  | Will+}
  3766 | D        | Noticed Frances
  3788 | D        | Killed Frances
  3860 | D        | Noticed a nagaraja
  3860 | D        | Noticed a nagaraja
  3868 | D        | Killed a nagaraja
  3868 | D        | Received a gift from Okawaru
  3869 | D        | Noticed a nagaraja
  3870 | D        | Noticed a nagaraja
  3871 | D        | Noticed a nagaraja
  3875 | D        | Killed a nagaraja
  3878 | D        | Killed a nagaraja
  3878 | D        | Received a gift from Okawaru
  3880 | D        | Killed a nagaraja
  3884 | D        | Killed a nagaraja
  3885 | D        | Reached XP level 15. HP: 118/158 MP: 18/24
  3885 | D        | Noticed a nagaraja
  3888 | D        | Noticed a nagaraja
  3890 | D        | Killed a nagaraja
  3893 | D        | Killed a nagaraja
  3894 | D        | Noticed a nagaraja
  3899 | D        | Killed a nagaraja
  3904 | D        | Got a serpentine rune of Zot
  3937 | D        | Noticed Ilsuiw
  3946 | D        | Reached skill level 15 in Invocations
  3949 | D        | Killed Ilsuiw
  3976 | D        | Got a barnacled rune of Zot
  4103 | D        | Noticed an emperor scorpion
  4103 | D        | Noticed an emperor scorpion
  4107 | D        | Killed an emperor scorpion
  4112 | D        | Killed an emperor scorpion
  4133 | D        | Noticed an emperor scorpion
  4134 | D        | Noticed an emperor scorpion
  4137 | D        | Killed an emperor scorpion
  4140 | D        | Killed an emperor scorpion
  4140 | D        | Received a gift from Okawaru
  4142 | D        | Got a gossamer rune of Zot
  4275 | D        | Received a gift from Okawaru
  4294 | D        | Received a gift from Okawaru
  4304 | D        | Got a decaying rune of Zot
  4438 | D        | Received a gift from Okawaru
  4497 | D        | Reached XP level 16. HP: 166/170 MP: 27/27
  4605 | D        | Noticed a lich
  4619 | D        | Identified the +5 tower shield "Zaqenoj" {+Inv Int+2}
                  | (Okawaru gifted it to you in the Dungeon)
  4619 | D        | Received a gift from Okawaru
  4632 | D        | Killed a lich
  4636 | D        | Identified the +1 leather armour of Kustrig {Dex+4}
  4636 | D        | Noticed a shadow dragon
  4638 | D        | Noticed a shadow dragon
  4649 | D        | Killed a shadow dragon
  4649 | D        | Killed a shadow dragon
  4650 | D        | Reached skill level 5 in Evocations
  4955 | D        | Noticed a shadow dragon
  4955 | D        | Noticed a sphinx
  4955 | D        | Noticed a tentacled monstrosity
  4955 | D        | Noticed a shadow dragon
  4955 | D        | Noticed a tengu reaver
  4964 | D        | Killed a tengu reaver
  4968 | D        | Noticed a shadow dragon
  4969 | D        | Killed a shadow dragon
  4974 | D        | Killed a tentacled monstrosity
  4976 | D        | Killed a sphinx
  4986 | D        | Killed a shadow dragon
  4995 | D        | Killed a shadow dragon
  5009 | D        | Got a silver rune of Zot
  5119 | D        | Got the ring of Vain {Str+2 Dex+3}
  5129 | D        | Got the ring "Reotzo" {rC+ EV+3 SInv}
  5132 | D        | Got the amulet "Deshoxoe" {Harm Rampage +Blink Regen+}
  5134 | D        | Got the ring of Heedgh {rN+ Dex+3 Stlth+}
  5146 | D        | Got the +5 double sword "Amilisha" {freeze, +Blink Stlth+}
  5215 | D        | Noticed Aizul
  5220 | D        | Killed Aizul
  5231 | D        | Noticed Margery
  5235 | D        | Killed Margery
  5238 | D        | Noticed Mara
  5240 | D        | Reached skill level 10 in Stealth
  5240 | D        | Reached skill level 27 in Shields
  5249 | D        | Killed Mara
  5292 | D        | Noticed Louise
  5304 | D        | Killed Louise
  5329 | D        | Noticed a sphinx
  5329 | D        | Noticed a sphinx
  5329 | D        | Noticed a sphinx
  5330 | D        | Killed a sphinx
  5330 | D        | Identified the +1 hat of Masochism {rC+} (Okawaru gifted it
                  | to you in the Dungeon)
  5330 | D        | Received a gift from Okawaru
  5331 | D        | Killed a sphinx
  5335 | D        | Killed a sphinx
  5347 | D        | Reached XP level 17. HP: 167/184 MP: 25/29
  5372 | D        | Noticed a bone dragon
  5378 | D        | Killed a bone dragon
  5386 | D        | Reached skill level 10 in Evocations
  5424 | D        | Noticed a tentacled monstrosity
  5426 | D        | Killed a tentacled monstrosity
  5438 | D        | Noticed a tentacled monstrosity
  5446 | D        | Killed a tentacled monstrosity
  5451 | D        | Reached skill level 15 in Stealth
  5494 | D        | Received a gift from Okawaru
  5495 | D        | Identified the +2 robe of the Sacrificial Victim {Contam
                  | Rampage rC+++ Int-5} (Okawaru gifted it to you in the
                  | Dungeon)
  5495 | D        | Received a gift from Okawaru
  5507 | D        | Reached skill level 27 in Throwing
  5542 | D        | Noticed a golden dragon
  5558 | D        | Killed a golden dragon
  5559 | D        | Reached skill level 27 in Long Blades
  5559 | D        | Reached skill level 27 in Armour
  5722 | D        | Noticed an Orb Guardian
  5722 | D        | Noticed an Orb Guardian
  5722 | D        | Noticed an Orb Guardian
  5722 | D        | Noticed an Orb Guardian
  5722 | D        | Noticed an Orb Guardian
  5722 | D        | Noticed an Orb Guardian
  5725 | D        | Killed an Orb Guardian
  5726 | D        | Noticed an Orb Guardian
  5726 | D        | Killed an Orb Guardian
  5727 | D        | Noticed an Orb Guardian
  5727 | D        | Killed an Orb Guardian
  5728 | D        | Noticed an Orb Guardian
  5731 | D        | Killed an Orb Guardian
  5731 | D        | Noticed an Orb Guardian
  5737 | D        | Killed an Orb Guardian
  5738 | D        | Reached skill level 27 in Fighting
  5741 | D        | Killed an Orb Guardian
  5744 | D        | Killed an Orb Guardian
  5747 | D        | Killed an Orb Guardian
  5749 | D        | Killed an Orb Guardian
  5749 | D        | Identified the +7 demon blade of Ceshetec {elec, rPois rC+
                  | rN+++ Dex-2} (Okawaru gifted it to you in the Dungeon)
  5749 | D        | Received a gift from Okawaru
  5751 | D        | Killed an Orb Guardian
  5758 | D        | Noticed a curse toe
  5758 | D        | Noticed an Orb Guardian
  5758 | D        | Noticed an Orb Guardian
  5758 | D        | Noticed a golden dragon
  5760 | D        | Killed a curse toe
  5760 | D        | Noticed an Orb Guardian
  5762 | D        | Killed a golden dragon
  5763 | D        | Reached XP level 18. HP: 200/200 MP: 24/32
  5763 | D        | Noticed an Orb Guardian
  5764 | D        | Killed an Orb Guardian
  5765 | D        | Killed an Orb Guardian
  5769 | D        | Reached skill level 15 in Evocations
  5772 | D        | Killed an Orb Guardian
  5774 | D        | Killed an Orb Guardian
  5792 | D        | Noticed an ancient lich
  5797 | D        | Killed an ancient lich
  5799 | D        | Noticed an orb of fire
  5801 | D        | Gained mutation: You occasionally shout uncontrollably at
                  | your foes. [an orb of fire]
  5803 | D        | Gained mutation: Your magical capacity is low. (-10% MP)
                  | [an orb of fire]
  5804 | D        | Killed an orb of fire
  5804 | D        | Received a gift from Okawaru
  5877 | D        | Noticed an electric golem
  5883 | D        | Killed an electric golem
  5886 | D        | Noticed a golden dragon
  5886 | D        | Noticed an electric golem
  5886 | D        | Noticed an orb of fire
  5886 | D        | Noticed an ancient lich
  5890 | D        | Killed an ancient lich
  5890 | D        | Killed a golden dragon
  5891 | D        | Noticed a Killer Klown
  5892 | D        | Killed an orb of fire
  5892 | D        | Killed a Killer Klown
  5893 | D        | Killed an electric golem
  5894 | D        | Reached skill level 27 in Invocations
  5894 | D        | Noticed an orb of fire
  5898 | D        | Noticed an ancient lich
  5899 | D        | Killed an orb of fire
  5901 | D        | Killed an ancient lich
  5906 | D        | Noticed an ancient lich
  5906 | D        | Noticed a golden dragon
  5918 | D        | Killed a golden dragon
  5918 | D        | Received a gift from Okawaru
  5925 | D        | Killed an ancient lich
  6016 | D        | Noticed an Orb Guardian
  6016 | D        | Noticed an Orb Guardian
  6016 | D        | Noticed an Orb Guardian
  6016 | D        | Noticed an Orb Guardian
  6016 | D        | Noticed an Orb Guardian
  6016 | D        | Noticed an Orb Guardian
  6017 | D        | Killed an Orb Guardian
  6018 | D        | Noticed an Orb Guardian
  6019 | D        | Killed an Orb Guardian
  6019 | D        | Killed an Orb Guardian
  6019 | D        | Killed an Orb Guardian
  6020 | D        | Killed an Orb Guardian
  6021 | D        | Noticed an Orb Guardian
  6021 | D        | Noticed an Orb Guardian
  6024 | D        | Killed an Orb Guardian
  6024 | D        | Killed an Orb Guardian
  6024 | D        | Noticed an Orb Guardian
  6027 | D        | Noticed an Orb Guardian
  6028 | D        | Killed an Orb Guardian
  6032 | D        | Killed an Orb Guardian
  6035 | D        | Killed an Orb Guardian
  6038 | D        | Killed an Orb Guardian
  6039 | D        | Noticed an Orb Guardian
  6042 | D        | Received a gift from Okawaru
  6045 | D        | Killed an Orb Guardian
  6140 | D        | Noticed an ancient lich
  6145 | D        | Killed an ancient lich
  6146 | D        | Reached XP level 19. HP: 207/207 MP: 24/31
  6217 | D        | Received a gift from Okawaru
  6240 | D        | Reached skill level 10 in Dodging
  6264 | D        | Got an elven rune of Zot
  6302 | D        | Noticed the Royal Jelly
  6320 | D        | Killed the Royal Jelly
  6320 | D        | Received a gift from Okawaru
  6339 | D        | Reached skill level 27 in Stealth
  6339 | D        | Reached skill level 27 in Evocations
  6388 | D        | Got a slimy rune of Zot
  6489 | D        | Reached skill level 15 in Dodging
  6510 | D        | Received a gift from Okawaru
  6699 | D        | Received a gift from Okawaru
  6793 | D        | Noticed a royal mummy
  6793 | D        | Noticed a royal mummy
  6793 | D        | Noticed a royal mummy
  6793 | D        | Noticed a royal mummy
  6793 | D        | Noticed a royal mummy
  6793 | D        | Noticed a royal mummy
  6797 | D        | Killed a royal mummy
  6797 | D        | Killed a royal mummy
  6797 | D        | Noticed a royal mummy
  6798 | D        | Killed a royal mummy
  6798 | D        | Received a gift from Okawaru
  6798 | D        | Killed a royal mummy
  6798 | D        | Killed a royal mummy
  6798 | D        | HP: 2/207 [something (16)]
  6799 | D        | Reached XP level 20. HP: 2/216 MP: 26/32
  6972 | D        | Killed a royal mummy
  6973 | D        | Reached skill level 27 in Dodging
  6996 | D        | Killed a royal mummy
  7004 | D        | Noticed a royal mummy
  7008 | D        | Killed a royal mummy
  7009 | D        | Reached skill level 5 in Short Blades
  7009 | D        | Reached skill level 5 in Slings
  7009 | D        | Reached skill level 5 in Unarmed Combat
  7333 | D        | Noticed a royal mummy
  7338 | D        | Killed a royal mummy
  7352 | D        | Got a golden rune of Zot
  7380 | D        | Got an abyssal rune of Zot
  7510 | D        | Noticed Geryon
  7516 | D        | Killed Geryon
  7517 | D        | Reached skill level 5 in Spellcasting
  7519 | D        | Found the +7 sceptre of Asmodeus
  7519 | D        | Noticed Asmodeus
  7519 | D        | Noticed Gloorx Vloq
  7519 | D        | Noticed Antaeus
  7533 | D        | Killed Asmodeus
  7534 | D        | Reached skill level 10 in Short Blades
  7534 | D        | Reached skill level 10 in Slings
  7534 | D        | Reached skill level 10 in Unarmed Combat
  7703 | D        | Killed Antaeus
  7728 | D        | Killed Gloorx Vloq
  7732 | D        | Got a dark rune of Zot
  7734 | D        | Found the +4 staff of Dispater
  7734 | D        | Noticed Dispater
  7739 | D        | Noticed Mnoleg
  7749 | D        | Killed Dispater
  7751 | D        | Killed Mnoleg
  7751 | D        | Identified the +8 long sword "Huss" {chaos, *Slow +Blink
                  | MP+9 Dex+2} (Okawaru gifted it to you in the Dungeon)
  7751 | D        | Received a gift from Okawaru
  7756 | D        | Got an obsidian rune of Zot
  7854 | D        | Noticed Ereshkigal
  7868 | D        | Killed Ereshkigal
  7873 | D        | Got an icy rune of Zot
  7880 | D        | Got an iron rune of Zot
  7882 | D        | Found the +6 sword of Cerebov {flame}
  7882 | D        | Noticed Cerebov
  7893 | D        | Noticed Lom Lobon
  7912 | D        | Killed Cerebov
  7913 | D        | Reached skill level 15 in Short Blades
  7913 | D        | Reached skill level 15 in Slings
  7913 | D        | Reached skill level 15 in Unarmed Combat
  7913 | D        | Reached skill level 10 in Spellcasting
  7932 | D        | Killed Lom Lobon
  7953 | D        | Got a glowing rune of Zot
  7961 | D        | Got a bone rune of Zot
  7965 | D        | Got a fiery rune of Zot
  7970 | D        | Got a magical rune of Zot
  8448 | D        | Got the Orb of Zot
  8782 | D        | Got the +5 demon whip of Rerisch {drain, rC+ Will++ Str+4
                  | Int-5}
  8789 | D        | Got the +5 glaive of Xaelit {spect, +Blink rPois rCorr
                  | Str+7}
  9070 | D        | Noticed Peixzuit the pandemonium lord
  9073 | D        | Killed Peixzuit the pandemonium lord
  9073 | D        | Identified the +0 scale mail "Exza" {rElec} (Okawaru gifted
                  | it to you in the Dungeon)
  9073 | D        | Received a gift from Okawaru
  9389 | D        | Reached XP level 21. HP: 213/224 MP: 33/33
  9506 | D        | Noticed Fein Qiw the pandemonium lord
  9514 | D        | Killed Fein Qiw the pandemonium lord
  9538 | D        | Noticed Powas the pandemonium lord
  9548 | D        | Killed Powas the pandemonium lord
  9696 | D        | Noticed Julut the pandemonium lord
  9705 | D        | Killed Julut the pandemonium lord
  9967 | D        | Noticed Qeicimuo the pandemonium lord
  9976 | D        | Killed Qeicimuo the pandemonium lord
  9976 | D        | Received a gift from Okawaru
 10241 | D        | Escaped with the Orb!

Illustrated notes

Levels and vault maps discovered:
D:        linesprint [early_d, line_temple, items_1, d_10, items_2, lair_1,
          lair_end, items_3, orc_1, orc_end, items_4, d_15, swamp_1, shoals_1,
          snake_1, spider_1, d_20, vaults_1, items_5, swamp_end, shoals_end,
          snake_end, spider_end, vaults_end, d_27, items_6, zot_1, zot_end,
          crypt_end, forest_end, elf_end, slime_end, tomb_end, abyss_end,
          pan_hell_end]

Skill      XL: |  1  2  3  4  5  6  7  8  9 10 11 12 13 14 15 16 17 18 19 20 21 |
---------------+----------------------------------------------------------------+-----
Fighting       | 8 12 13 14 15 16 17 19 20 21 22 24 27 | 27.0
Long Blades    | 10 12 14 16 17 18 19 20 21 24 27 | 27.0
Armour         | 9 10 11 12 13 15 17 20 23 25 27 | 27.0
Dodging        | 3 4 5 6 7 9 26 27 | 27.0
Shields        | 8 10 11 12 13 17 20 23 27 | 27.0
Stealth        | 2 4 6 12 17 23 27 | 27.0
Invocations    | 6 7 8 10 12 14 16 18 23 27 | 27.0
Throwing       | 5 13 16 18 22 25 27 | 27.0
Evocations     | 3 9 14 22 27 | 27.0
Short Blades   | 18 21 | 21.5
Slings         | 18 21 | 21.5
Unarmed Combat | 18 21 | 21.5
Spellcasting   | 12 14 | 14.5

Action                   |  1- 3 |  4- 6 |  7- 9 | 10-12 | 13-15 | 16-18 | 19-21 || total
-------------------------+-------+-------+-------+-------+-------+-------+-------++-------
Melee: Long sword        |    22 |     6 |       |       |       |       |       ||    28
       Headbutt          |     3 |     2 |    18 |    32 |    50 |    79 |    73 ||   257
       Scimitar          |       |     9 |    57 |   135 |    29 |       |       ||   230
       Double sword      |       |       |       |    31 |       |   176 |   299 ||   506
       Demon blade       |       |       |       |       |   167 |   129 |       ||   296
Throw: Dart              |       |       |       |     3 |       |       |       ||     3
       Javelin           |       |       |       |    17 |    54 |    70 |    59 ||   200
       Boomerang         |       |       |       |    10 |   103 |     5 |   118 ||   236
       Stone             |       |       |       |       |    17 |       |     1 ||    18
Invok: Heroism           |       |       |     3 |    10 |    13 |     2 |     1 ||    29
       Finesse           |       |       |     2 |     6 |     9 |    11 |    15 ||    43
 Abil: Evoke Blink       |       |       |       |       |       |       |     1 ||     1
Evoke: Wand              |       |       |       |     1 |     1 |       |       ||     2
  Use: Potion            |     1 |     1 |     2 |     2 |       |       |     3 ||     9
       Scroll            |       |       |     4 |     4 |       |       |    11 ||    19
 Stab: Invisible         |       |       |     5 |       |       |       |       ||     5
       Sleeping          |       |       |       |       |       |     3 |     2 ||     5
       Distracted        |       |       |       |       |       |       |     1 ||     1
Armor: Scale mail        |     8 |       |       |       |       |       |       ||     8
       Chain mail        |       |     3 |    15 |    36 |     9 |       |       ||    63
       Plate armour      |       |       |       |       |    40 |    36 |    32 ||   108
Dodge: Dodged            |     4 |     3 |    10 |    21 |    22 |    21 |    35 ||   116
Block: Buckler           |     7 |     6 |     8 |    21 |       |       |       ||    42
       Tower shield      |       |       |       |    25 |   115 |   127 |   170 ||   437

Table legend: (Time is in decaauts)
 A = Elapsed time spent in this place.
 B = Non-inter-level travel time spent in this place.
 C = Inter-level travel time spent in this place.
 D = Time resting spent in this place.
 E = Time spent auto-exploring this place.
 F = Levels seen in this place.
 G = Mean time per level.
                   A        B        C        D        E       F      G
               +--------+--------+--------+--------+--------+-----+--------+
         Total |   9431 |   8326 |   1105 |   2592 |    227 |   1 | 9431.0 |
       Dungeon |   9431 |   8326 |   1105 |   2592 |    227 |   1 | 9431.0 |
               +--------+--------+--------+--------+--------+-----+--------+

Top non-repeatable levels by time:
       D: 9431 daAuts
